 Dungeon Crawl Stone Soup version 0.20.0-15-g7f486f2 (webtiles) character file.

906 Ijustatesigmund the Sneak (level 8, -2/55 HPs)
             Began as an Octopode Assassin on June 17, 2017.
             Was a Follower of Okawaru.
             Slain by Ic0n's ghost (4 damage)
             ... on level 6 of the Dungeon.
             The game lasted 00:10:05 (4736 turns).

Ijustatesigmund the Sneak (Octopode Assassin)       Turns: 4736, Time: 00:10:05

Health: -2/55      AC:  1    Str: 10    XL:     8   Next: 8%
Magic:  7/9        EV: 19    Int: 13    God:    Okawaru [*.....]
Gold:   203        SH:  0    Dex: 16    Spells: 7/7 levels left

rFire    . . .     SeeInvis .   a - +3 dagger
rCold    . . .     Gourm    .   (no shield)
rNeg     . . .     Faith    .   (helmet restricted)
rPois    .         Spirit   .   (no amulet)
rElec    .         Reflect  .   o - ring of wizardry
rCorr    .         Harm     .   (no ring)
MR       .....                  (no ring)
Stlth    ++++++....             (no ring)
Regen    0.2/turn               (no ring)
MPRegen  0.2/turn               (no ring)
                                (no ring)
                                (no ring)

@: heroism
A: almost no armour, stealthy swim, amphibious, 8 rings, constrict 8, camouflage
1, gelatinous body 1
a: Heroism, Renounce Religion


You were on level 6 of the Dungeon.
You worshipped Okawaru.
Okawaru was aware of your devotion.
You were not hungry.

You visited 2 branches of the dungeon, and saw 7 of its levels.

You collected 203 gold pieces.

Inventory:

Hand Weapons
 a - a +3 dagger (weapon)
 b - a +1 blowgun
 l - a +1 dagger of venom
Missiles
 c - 8 poisoned needles
 d - 8 curare-tipped needles
Jewellery
 o - a ring of wizardry (left tentacle)
Scrolls
 e - a scroll of amnesia
 h - 3 scrolls of enchant armour
 i - 4 scrolls of remove curse
 j - a scroll of magic mapping
 m - 5 scrolls of identify
 n - a scroll of recharging
Comestibles
 f - 2 bread rations
 g - 3 meat rations
 k - a royal jelly


   Skills:
 + Level 5.2(10.2) Fighting
 + Level 5.1(10.1) Short Blades
 - Level 2.0(7.0) Throwing
 - Level 3.9(8.9) Dodging
 - Level 7.0(12.0) Stealth
 + Level 2.5 Invocations


You had 7 spell levels left.
You didn't know any spells.

Dungeon Overview and Level Annotations

Branches:
Dungeon (6/15)             Temple (1/1) D:4

Altars:
Cheibriados
Fedhas
Gozag
Kikubaaqudgha
Nemelex Xobeh
Okawaru
Ru
Sif Muna
Xom
The Shining One

Shops:
D:4 %

Annotations:
D:5 Feta's ghost, novice FoHu
D:6 Ic0n's ghost, novice HOMo


Innate Abilities, Weirdness & Mutations

You cannot wear most types of armour.
You are very stealthy in the water. (Stealth+)
You are amphibious.
You can wear up to eight rings at the same time.
You can use your tentacles to constrict eight enemies at once.
Your skin changes colour to match your surroundings (Stealth+).
Your rubbery body absorbs attacks. (AC +1, EV +1)


Message History

You hit the sky beast but do no damage.
The sky beast is heavily wounded.
Ic0n's ghost hits you.
* * * LOW HITPOINT WARNING * * *
You hit the sky beast. Your squeeze misses the sky beast.
The sky beast is heavily wounded.
The sky beast flickers out of sight!
Deactivating autopickup; reactivate with Ctrl-A.
Something hits you.
* * * LOW HITPOINT WARNING * * *
Something shocks you.
* * * LOW HITPOINT WARNING * * *
You closely miss something. Ic0n's ghost hits you.
* * * LOW HITPOINT WARNING * * *
You hit something. Something hits you.
* * * LOW HITPOINT WARNING * * *
Something shocks you.
* * * LOW HITPOINT WARNING * * *
You miss something. Ic0n's ghost hits you.
You die...

#.##.#
#.##.####.
#....#
#.##......
#..Y.#
#.###..###
#...##
#.###..##
#...# .#.....#
#...# #.....#
#...# #.....#
##...#######
#.....#
#.....W@.).#
#.....##
#.....{....#
#.......
#..........#
#.#......#
#..........#
#.#.......
#..........#
#.#.....#.
#..........#
#.####....
############
#.####....
#####.........
#..........###


You could see Ic0n's ghost.

Vanquished Creatures
  Eustachio (D:4)
  Edmund (D:6)
  A necrophage (D:5)
  A centaur (D:5)
  2 scorpions (D:5)
  A howler monkey (D:5)
  Crazy Yiuf (D:4)
  A bullfrog skeleton (D:3)
  A jelly (D:5)
  Natasha (D:4)
  2 orc wizards (D:3)
  3 worker ants
  3 adders
  2 oozes
  An adder skeleton (D:5)
  2 worms
  2 dart slugs
  2 leopard geckos
  6 orcs
  7 bats
  5 giant cockroaches
  10 goblins
  5 hobgoblins
  6 jackals
  4 kobolds
  2 quokkas
  A ball python (D:5)
  6 frilled lizards
  A jackal zombie (D:4)
  A quokka skeleton (D:6)
  7 rats
  2 fungi (D:4)
91 creatures vanquished.

Notes
Turn   | Place    | Note
-------+----------+-------------------------------------------
     0 | D:1      | Ijustatesigmund the Octopode Assassin began the quest for the Orb.
     0 | D:1      | Reached XP level 1. HP: 14/14 MP: 1/1
   467 | D:1      | Reached XP level 2. HP: 20/20 MP: 2/2
   649 | D:2      | Found a sparkling altar of Nemelex Xobeh.
   688 | D:2      | Reached XP level 3. HP: 23/25 MP: 3/3
  1188 | D:3      | Reached XP level 4. HP: 20/31 MP: 4/4
  1451 | D:3      | Found a faded altar of an unknown god.
  1735 | D:3      | Reached XP level 5. HP: 35/36 MP: 5/5
  1960 | D:4      | Found a staircase to the Ecumenical Temple.
  1970 | Temple   | Entered the Ecumenical Temple
  1979 | Temple   | Became a worshipper of Warmaster Okawaru
  2060 | D:4      | Found a runed door.
  2283 | D:4      | Noticed Crazy Yiuf
  2286 | D:4      | Killed Crazy Yiuf
  2339 | D:4      | Found Honos's Food Boutique.
  2503 | D:4      | Reached XP level 6. HP: 43/43 MP: 6/6
  2525 | D:4      | Noticed Eustachio
  2549 | D:4      | Killed Eustachio
  2549 | D:4      | Reached skill level 6 in Stealth
  2755 | D:4      | Noticed Natasha
  2756 | D:4      | Found an ancient bone altar of Kikubaaqudgha.
  2763 | D:4      | Killed Natasha
  2886 | D:4      | Found a glowing golden altar of the Shining One.
  2888 | D:4      | Found a deep blue altar of Sif Muna.
  2952 | D:5      | Entered Level 5 of the Dungeon
  2988 | D:5      | Found an opulent altar of Gozag.
  3021 | D:5      | Reached XP level 7. HP: 14/48 MP: 7/7
  3236 | D:5      | Found a blossoming altar of Fedhas.
  3451 | D:5      | Reached * piety under Okawaru
  3617 | D:5      | Reached skill level 7 in Stealth
  3791 | D:5      | Reached skill level 1 in Invocations
  4106 | D:5      | Noticed Feta's ghost (novice FoHu)
  4290 | D:6      | Found a snail-covered altar of Cheibriados.
  4380 | D:6      | Noticed Edmund
  4400 | D:6      | Killed Edmund
  4400 | D:6      | Reached skill level 5 in Fighting
  4400 | D:6      | Reached skill level 5 in Short Blades
  4400 | D:6      | Reached XP level 8. HP: 22/55 MP: 6/9
  4678 | D:6      | Noticed Ic0n's ghost (novice HOMo)
  4735 | D:6      | HP: 2/55 [something (5)]
  4736 | D:6      | Slain by Ic0n's ghost

Skill      XL: |  1  2  3  4  5  6  7 |
---------------+----------------------+-----
Fighting       | 3 4 5 |  5.2
Short Blades   | 3 4 5 |  5.1
Dodging        | 2 3 |  3.9
Stealth        | 6 7 |  7.0
Invocations    | 2 |  2.5
Throwing       | |  2.0

Action                   |  1- 3 |  4- 6 |  7- 9 || total
-------------------------+-------+-------+-------++-------
Melee: Dagger            |    81 |    96 |   116 ||   293
       Constrict         |    18 |    16 |     9 ||    43
       Tentacles         |    10 |    18 |    23 ||    51
       Punch             |       |       |     4 ||     4
 Fire: Blowgun           |       |     6 |       ||     6
Invok: Heroism           |       |       |     6 ||     6
  Use: Scroll            |     9 |     1 |     2 ||    12
       Potion            |     1 |     3 |     2 ||     6
 Stab: Sleeping          |     7 |     8 |     6 ||    21
       Distracted        |       |     1 |       ||     1
  Eat: Chunk             |     1 |     5 |     4 ||    10
       Royal jelly       |       |       |     1 ||     1
Armor: Skin              |     2 |     2 |     5 ||     9
Dodge: Dodged            |    50 |    55 |    48 ||   153
